 Dungeon Crawl Stone Soup version 0.13-a0-2236-g7be3fc8 (webtiles) character file.

243 JacquesDerrida the Poker (level 3, 0/29 HPs)
             Began as a Demigod Skald on July 4, 2013.
             Slain by a goblin
             ... wielding a -1,+1 orcish club
              (4 damage)
             ... on Level 2 of the Dungeon.
             The game lasted 00:03:07 (2377 turns).

JacquesDerrida the Poker (Demigod Skald)            Turns: 2377, Time: 00:03:08

HP   0/29        AC  3     Str 15      XL: 3   Next: 69%
MP   8/8         EV 10     Int 18      God:
Gold 177         SH  0     Dex 15      Spells:  3 memorised,  0 levels left

Res.Fire  : . . .   See Invis. : .   a - +0 spear {=f}
Res.Cold  : . . .   Warding    : .   p - +0 elf leather armour
Life Prot.: . . .   Conserve   : .   (no shield)
Res.Poison: .       Res.Corr.  : .   (no helmet)
Res.Elec. : .       Clarity    : .   (no cloak)
Sust.Abil.: . .     Spirit.Shd : .   (no gloves)
Res.Mut.  : .       Stasis     : .   (no boots)
Res.Rott. : .       Flight     : .   (no amulet)
Saprovore : . . .                    (no ring)
                                     (no ring)

@: slightly resistant to hostile enchantments, unstealthy
A: no striking features
a: no special abilities


You were on level 2 of the Dungeon.
You were hungry.

You visited 1 branch of the dungeon, and saw 2 of its levels.

You collected 157 gold pieces.

Inventory:

Hand weapons
 a - a +0,+0 spear (weapon) {=f}
Armour
 b - a +0 leather armour
 p - a +0 elven leather armour (worn)
Comestibles
 d - a bread ration
 k - 3 apples
 q - a meat ration
 s - a chunk of goblin flesh
Scrolls
 g - a scroll of curse weapon {unknown}
 h - 4 scrolls of remove curse {unknown}
 i - a scroll of amnesia {unknown}
 l - 2 scrolls of curse armour {unknown}
 m - a scroll of fog {unknown}
 o - a scroll of acquirement {unknown}
Potions
 e - a potion of might {unknown}
 f - 2 potions of brilliance {unknown}
 j - 4 potions of degeneration {unknown}
 n - a potion of paralysis {unknown}
 r - a potion of porridge {unknown}
Books
 c - a book of Battle

   Spells                             Type                      Level
   *Infusion                          Charms                       1
   *Shroud of Golubria                Charms/Translocation         2
   Song of Slaying                    Charms                       2
   Spectral Weapon                    Hexes/Charms                 3
   *Regeneration                      Charms/Necromancy            3
   Song of Shielding                  Charms                       5


   Skills:
 - Level 1.7 Fighting
 * Level 3.7 Polearms
 - Level 0.8 Armour
 - Level 0.8 Dodging
 - Level 2.0 Spellcasting
 - Level 2.6 Charms


You couldn't memorise any spells.
You knew the following spells:

 Your Spells              Type           Power        Failure   Level  Hunger
a - Infusion              Chrm           ##....       8%          1    #......
b - Regeneration          Chrm/Necr      #.........   34%         3    ####...
c - Shroud of Golubria    Chrm/Tloc      #.........   17%         2    ##.....


Dungeon Overview and Level Annotations

Branches:
Dungeon (2/27)


Message History

Press: ? - help, Dir - move target cursor, f - goblin
Aim: a goblin, wielding a sling You reach to attack!
You miss the goblin.
The goblin unwields an uncursed orcish club.
The goblin wields an uncursed sling.
The goblin shoots a stone.
The stone hits you!
The goblin shoots a stone.
The stone hits you!
Attack whom?
Press: ? - help, Dir - move target cursor, f/p - goblin
Aim: a goblin, wielding a sling You reach to attack!
You miss the goblin.
The goblin shoots a stone.
The stone hits you!
* * * LOW HITPOINT WARNING * * *
The goblin shoots a stone.
The stone hits you!
* * * LOW HITPOINT WARNING * * *
You are too injured to fight recklessly!
You are too injured to fight recklessly!
The goblin unwields an uncursed sling.
The goblin wields an uncursed orcish club.
The goblin hits you with an uncursed orcish club.
You die...

#########
#.(.....#
#(#####.#########.
#.# #............
#(# #.##.########
#@####.##.###
#gg.........#
#..#.#++#.#.#
#....# #...######
#..## ###.......
...' +.#####. #..'
+.# ## #..## #.#
######### #.. ..#


You could see 2 goblins.

Vanquished Creatures
  3 adders (D:2)
  A giant gecko (D:1)
  9 goblins
  4 hobgoblins (D:1)
  A quokka (D:2)
  3 bats
  4 giant cockroaches
  2 giant newts (D:2)
  9 kobolds
  5 rats
41 creatures vanquished.

Notes
Turn   | Place    | Note
--------------------------------------------------------------
     0 | D:1      | JacquesDerrida, the Demigod Skald, began the quest for the Orb.
     0 | D:1      | Reached XP level 1. HP: 17/17 MP: 4/4
   249 | D:1      | Reached XP level 2. HP: 9/24 MP: 5/5
  1106 | D:2      | Reached skill level 3 in Polearms
  1545 | D:2      | Reached XP level 3. HP: 29/29 MP: 8/8
  2021 | D:2      | Learned a level 3 spell: Regeneration
  2024 | D:2      | Learned a level 2 spell: Shroud of Golubria
  2377 | D:2      | Slain by a goblin

Action                   || total
-------------------------++-------
Melee: Spear             ||   175
 Cast: Infusion          ||     1
 Stab: Sleeping          ||     1
